 Dungeon Crawl Stone Soup version 0.18.1-8-gdd0e5ea (webtiles) character file.

130 Metae the Conjurer (level 4, -4/35 HPs)
             Began as a Draconian Conjurer on June 10, 2016.
             Killed by divine providence
             ... invoked by an orc priest
              (12 damage)
             ... on level 3 of the Dungeon.
             The game lasted 00:23:41 (2697 turns).

Metae the Conjurer (Draconian Conjurer)             Turns: 2697, Time: 00:23:42

Health: -4/35      AC: 10    Str: 10    XL:     4   Next: 89%
Magic:  5/8        EV: 13    Int: 15    God:
Gold:   127        SH:  0    Dex: 13    Spells: 2 memorised, 5 levels left

rFire  . . .     SeeInvis .     h - +0 dagger (protect)
rCold  . . .     Gourm    .     (armour unavailable)
rNeg   . . .     Faith    .     (no shield)
rPois  .         Spirit   .     (helmet restricted)
rElec  .         Dismiss  .     (no cloak)
rCorr  .         Reflect  .     (no gloves)
SustAt .         Harm     .     (no boots)
MR     .....                    (no amulet)
Stlth  ++........               (no ring)
                                (no ring)

@: not resistant to hostile enchantments, unstealthy
A: unfitting armour, horns 1, deterioration 1, cold-blooded, AC +5
a: no special abilities


You were on level 3 of the Dungeon.
You were not hungry.

You visited 1 branch of the dungeon, and saw 3 of its levels.

You collected 127 gold pieces.

Inventory:

Hand Weapons
 h - a +0 dagger of protection (weapon)
 p - a +0 vampiric dagger
 x - a cursed -1 quarterstaff
Missiles
 e - 3 needles of frenzy
 l - 6 curare-tipped needles
 s - 27 poisoned needles
Jewellery
 j - an uncursed ring of ice {unknown}
Wands
 q - a wand of flame (15/48)
Scrolls
 c - 4 scrolls of identify {unknown}
 f - 2 scrolls of recharging {unknown}
 k - a scroll of fear {unknown}
 n - a scroll of remove curse {unknown}
 o - a scroll of enchant armour {unknown}
Potions
 d - a potion of degeneration {unknown}
 m - a potion of mutation
 r - a potion of resistance {unknown}
 t - 2 potions of curing {unknown}
 u - a potion of invisibility {unknown}
 v - a potion of flight {unknown}
 w - a potion of brilliance {unknown}
Books
 a - a book of Conjurations

   Spells                             Type                      Level
   a - Magic Dart                     Conjuration                  1
   b - Searing Ray                    Conjuration                  2
   c - Dazzling Spray                 Conjuration/Hexes            3
   d - Fulminant Prism                Conjuration/Hexes            4
   e - Iskenderun's Mystic Blast      Conjuration                  4
   f - Iskenderun's Battlesphere      Conjuration/Charms           5
Comestibles
 b - 4 chunks of flesh
 g - a royal jelly
 i - 6 fruits
 z - a meat ration


   Skills:
 + Level 1.3 Fighting
 + Level 1.0 Short Blades
 * Level 2.6 Dodging
 + Level 2.5 Stealth
 * Level 2.7 Spellcasting
 + Level 4.3 Conjurations
 + Level 1.1 Evocations


You had 5 spell levels left.
You knew the following spells:

 Your Spells              Type           Power        Failure   Level  Hunger
a - Magic Dart            Conj           ###.         3%          1    #......
b - Searing Ray           Conj           ###...       6%          2    ##.....


Dungeon Overview and Level Annotations

Branches:
Dungeon (3/15)

Altars:
Dithmenos
Ru
Yredelemnul
The Shining One


Innate Abilities, Weirdness & Mutations

Your plain brown scales are hard (AC +5).
Your body does not fit into most forms of armour.
You are cold-blooded and may be slowed by cold attacks.
You have a pair of small horns on your head.
Your body sometimes deteriorates upon taking damage.


Message History

Press: ? - help, Shift-Dir - straight line, f - orc priest, p - orc
Aim: an orc priest, wielding a short sword The searing ray misses the orc.
The searing ray hits the orc priest.
The orc priest is moderately wounded.
The orc misses you.
The orc priest miscasts a cantrip.
The searing ray hits the orc.
You kill the orc!
The orc priest invokes the aid of Beogh against you.
Pain shoots through your body!
The orc priest invokes the aid of Beogh against you.
Pain shoots through your body!
* * * LOW HITPOINT WARNING * * *
It was a potion of mutation.
You feel extremely strange.
You feel yourself wasting away. A pair of horns grows on your head!
Sorry, you're not good enough to have a special ability.
The orc shouts!
The orc priest invokes the aid of Beogh against you.
Beogh smites you!
You die...

#..##...## ####
#.##....######
####....##......##
#.(...####.#......
####.##)#####o..##### #######
#....##.###...#########......
#............o...............
#######.###>#.#########......
####.###.@.......#####....
#......................###
#.......รท#.......#######
#........##......#
#.......###......# #.......#
#......# #.......# #......#
#.......# #......# #.......#
#......#


You could see an orc priest and an orc.

Vanquished Creatures
  Ijyb (D:3)
  3 adders
  2 oozes
  2 worms (D:2)
  2 giant geckos
  An orc (D:3)
  A ball python (D:2)
  8 bats
  2 giant cockroaches (D:1)
  8 goblins
  5 hobgoblins
  8 jackals
  A quokka (D:2)
  5 giant newts
  5 kobolds
  6 rats
60 creatures vanquished.

Notes
Turn   | Place    | Note
--------------------------------------------------------------
     0 | D:1      | Metae the Draconian Conjurer began the quest for the Orb.
     0 | D:1      | Reached XP level 1. HP: 14/14 MP: 3/3
   196 | D:1      | Reached XP level 2. HP: 14/20 MP: 0/5
  1128 | D:1      | Reached XP level 3. HP: 25/27 MP: 6/6
  1276 | D:1      | Learned a level 2 spell: Searing Ray
  1337 | D:2      | Reached skill level 1 in Fighting
  1687 | D:2      | Found a basalt altar of Yredelemnul.
  1689 | D:2      | Noticed a profane servitor
  1704 | D:2      | Found a glowing golden altar of the Shining One.
  1706 | D:2      | Noticed an angel
  1837 | D:2      | Found a sacrificial altar of Ru.
  1842 | D:2      | Reached XP level 4. HP: 29/35 MP: 1/7
  2009 | D:2      | Found a shadowy altar of Dithmenos.
  2448 | D:3      | Noticed Ijyb
  2522 | D:3      | Killed Ijyb
  2522 | D:3      | Reached skill level 1 in Evocations
  2571 | D:3      | Reached skill level 1 in Short Blades
  2683 | D:3      | Gained mutation: Your body sometimes deteriorates upon taking damage. [potion of mutation]
  2683 | D:3      | Gained mutation: You have a pair of small horns on your head. [potion of mutation]
  2697 | D:3      | Killed from afar by an orc priest

Skill      XL: |  1  2  3  4 |
---------------+-------------+-----
Dodging        | 2 |  2.6
Stealth        | 2 |  2.5
Fighting       | 1 |  1.3
Evocations     | 1 |  1.1
Short Blades   | 1 |  1.0
Spellcasting   | |  2.7
Conjurations   | |  4.3

Action                   |  1- 3 |  4- 6 || total
-------------------------+-------+-------++-------
Melee: Unarmed           |    35 |       ||    35
       Tailslap          |     9 |     5 ||    14
       Dagger            |    74 |    74 ||   148
 Cast: Magic Dart        |    66 |    24 ||    90
       Searing Ray       |     1 |     4 ||     5
Evoke: Wand              |       |     3 ||     3
  Use: Potion            |       |     1 ||     1
 Stab: Sleeping          |     1 |       ||     1
  Eat: Chunk             |     4 |     1 ||     5
       Bread ration      |       |     1 ||     1
Armor: Skin              |    66 |    42 ||   108
Dodge: Dodged            |   108 |    68 ||   176
